 Dungeon Crawl Stone Soup version 0.25.1-2-g60ff931df9 (webtiles) character file.

Game seed: 16957135343700107249

11642 gruber the Protected (level 11, 0/88 HPs)
             Began as a Deep Dwarf Fighter on Oct 13, 2020.
             Was an Elder of Makhleb.
             Slain by an ice devil (21 damage)
             ... summoned by a kobold demonologist
             ... on level 11 of the Dungeon.
             The game lasted 00:18:55 (9909 turns).

gruber the Protected (Deep Dwarf Fighter)           Turns: 9909, Time: 00:18:56

Health: 0/88       AC: 22    Str: 23    XL:     11   Next: 52%
Magic:  15/15      EV:  5    Int:  9    God:    Makhleb [****..]
Gold:   375        SH: 17    Dex: 12    Spells: 8/10 levels left

rFire    . . .     SeeInvis +   a - +0 war axe
rCold    . . .     Gourm    .   O - +0 tower shield
rNeg     . . .     Faith    .   L - +0 plate armour
rPois    .         Spirit   .   n - +0 helmet
rElec    .         Reflect  .   N - +2 cloak {MR+}
rCorr    .         Harm     .   l - +0 pair of gloves
MR       ++...                  (no boots)
Stlth    ..........             (no amulet)
HPRegen  0.00/turn              E - ring of see invisible
MPRegen  0.14/turn              (no ring)

@: non-regenerating
A: damage resistance, heal wounds, sense surroundings 2, no regeneration
a: Heal Wounds, Minor Destruction, Lesser Servant of Makhleb, Major Destruction,
Renounce Religion


You were on level 11 of the Dungeon.
You worshipped Makhleb.
Makhleb was greatly pleased with you.
You were not hungry.

You visited 2 branches of the dungeon, and saw 13 of its levels.

You collected 555 gold pieces.
You spent 180 gold pieces at shops.

Inventory:

Hand Weapons
 a - a +0 war axe (weapon)
 s - a +1 hand axe of draining
 C - a +1 vampiric trident
Missiles
 J - 2 javelins (quivered)
Armour
 l - a +0 pair of gloves (worn)
 n - a +0 helmet (worn)
 L - a +0 plate armour (worn)
 N - a +2 cloak of magic resistance (worn)
 O - a +0 tower shield (worn)
Jewellery
 E - a ring of see invisible (left hand)
Wands
 I - a wand of enslavement (7)
 K - a wand of random effects (33)
 M - a wand of disintegration (7)
Scrolls
 e - a scroll of random uselessness {unknown}
 m - a scroll of enchant armour {unknown}
 o - 2 scrolls of fear {unknown}
 t - 2 scrolls of remove curse
 w - 2 scrolls of noise {unknown}
 y - a scroll of magic mapping {unknown}
 D - 3 scrolls of fog {unknown}
 F - 5 scrolls of teleportation
 G - a scroll of summoning {unknown}
 H - 6 scrolls of amnesia {unknown}
Potions
 b - 2 potions of resistance
 d - 3 potions of might
 g - a potion of magic
 h - a potion of berserk rage {unknown}
 i - 3 potions of curing
 j - 2 potions of lignification
 k - 5 potions of heal wounds
 p - 4 potions of brilliance
 q - 2 potions of degeneration
 r - a potion of flight
 v - 4 potions of mutation {unknown}
 x - a potion of stabbing {unknown}
 z - 2 potions of invisibility
 A - a potion of cancellation {unknown}
 B - a potion of haste
Comestibles
 f - 17 rations


   Skills:
 - Level 2.6 Fighting
 - Level 11.3 Axes
 * Level 12.7 Armour
 - Level 3.0 Dodging
 - Level 8.1 Shields
 - Level 9.0 Invocations


You had 8 spell levels left.
You knew the following spells:

 Your Spells              Type           Power        Failure   Level  Hunger
a - Blink                 Tloc           N/A          100%        2    ###....

Your spell library contained the following spells:

 Spells                   Type           Power        Failure   Level  Hunger
 Magic Dart               Conj           #...         100%        1    ##.....
 Call Imp                 Summ           #.......     100%        2    ###....
 Slow                     Hex            #.......     100%        2    ###....
 Conjure Flame            Conj/Fire      #.......     100%        3    ####...
 Mephitic Cloud           Conj/Pois/Air  #.......     100%        3    ####...


Dungeon Overview and Level Annotations

Branches:
Dungeon (12/15)            Temple (1/1) D:4            Lair (0/6) D:8
    Orc (0/2) D:11

Altars:
Ashenzari
Cheibriados
Dithmenos
Elyvilon
Fedhas
Gozag
Kikubaaqudgha
Makhleb
Nemelex Xobeh
Okawaru
Qazlal
Ru
Sif Muna
Trog
Uskayaw
Vehumet
Wu Jian
Xom
Yredelemnul
Zin
The Shining One
Beogh

Shops:
D:7 (   D:8 *   D:9 *(*(*=   D:11 *


Innate Abilities, Weirdness & Mutations

You are resistant to damage.
You can heal yourself by infusing magical energy.
You passively map the area around you.
You do not regenerate.


Message History

You closely miss the kobold demonologist.
The kobold demonologist is almost dead.
You hit the ice devil but do no damage. You hit the ynoxinul but do no damage.
The kobold demonologist hits you but does no damage.
The ynoxinul gestures.
The ice devil hits you! The ice devil freezes you!
The kobold demonologist looks satisfied for a moment.
Unknown command.
Unknown command.
Unknown command.
You hit the kobold demonologist.
The kobold demonologist is almost dead.
You hit the ynoxinul but do no damage. You hit the ice devil but do no damage.
You barely miss the ufetubus.
The ynoxinul disappears in a puff of smoke!
The ufetubus disappears in a puff of smoke! x2
The ice devil hits you!
* * * LOW HITPOINT WARNING * * *
The ice devil freezes you!!
You die...

##.##...8.....##.##
...###..'.....#...##
#### ##.8..⌠..####.##
##.#.)...# ##.####
######..#.....# #....#
.......)#8._.># ##.##.#
######..#.....####§###.#
######..#.....#K§4## #.#
.....#..8..⌠..#§@## #.#
####.#..'.....#### #.#
####.#..8.....# #.#
#.##....#.....# #.#
)#...#..##############.#
###.....# #..[.........#
<.......# ####.#########
#.##...## #.# #.###..#
#.#


You could see an ice devil (summoned) and a kobold demonologist.

Vanquished Creatures
  A two-headed ogre (D:9)
  Pikel (D:7)
  An ugly thing (D:11)
  A cyclops (D:11)
  A centaur zombie (D:11)
  Joseph (D:7)
  A troll (D:10)
  6 hippogriffs
  10 yaks
  Eustachio (D:6)
  Menkaure (D:4)
  8 orc warriors
  A slave (D:7)
  4 sky beasts
  An ice beast (D:9)
  2 black bears (D:10)
  A necrophage (D:8)
  3 ogres
  3 phantoms
  9 centaurs
  4 bullfrogs
  7 scorpions
  A water moccasin skeleton (D:8)
  3 wights (D:8)
  3 killer bees (D:11)
  4 howler monkeys
  3 crimson imps
  A bullfrog zombie (D:9)
  2 hounds
  A jelly (D:11)
  5 orc priests
  4 orc wizards
  2 centaur skeletons
  7 iguanas
  11 worker ants
  A hound zombie (D:10)
  2 worker ant zombies
  3 gnolls (D:7)
  4 adders
  3 shadow imps
  3 worms
  5 dart slugs (D:1)
  4 leopard geckos
  44 orcs
  A ball python (D:1)
  4 giant cockroaches
  9 goblins
  15 hobgoblins
  4 jackals (D:4)
  3 kobolds
  5 quokkas
  A ball python skeleton (D:6)
  7 bats
  8 frilled lizards
  A jackal zombie (D:5)
  12 rats
254 creatures vanquished.

Vanquished Creatures (collateral kills)
  A hydra (D:10)
  A two-headed ogre (D:10)
  Maurice (D:11)
  3 howler monkeys (D:11)
  An orc priest (D:11)
  An iguana (D:11)
  An orc wizard (D:11)
  An adder (D:11)
  3 orcs (D:11)
13 creatures vanquished.

Vanquished Creatures (others)
  An orc wizard (D:11)
1 creature vanquished.

Grand Total: 268 creatures vanquished

Notes
Turn   | Place    | Note
-------+----------+-------------------------------------------
     0 | D:1      | gruber the Deep Dwarf Fighter began the quest for the Orb.
     0 | D:1      | Reached XP level 1. HP: 20/20 MP: 1/1
    99 | D:1      | Reached XP level 2. HP: 20/27 MP: 2/2
   367 | D:1      | Reached XP level 3. HP: 24/33 MP: 3/3
   747 | D:2      | Reached XP level 4. HP: 23/40 MP: 4/4
   771 | D:2      | Reached skill level 5 in Axes
  1447 | D:3      | Found a faded altar of an unknown god.
  1457 | D:3      | Reached XP level 5. HP: 43/46 MP: 5/5
  1800 | D:3      | Found a shattered altar of Ashenzari.
  1868 | D:3      | Found a hide-covered altar of Uskayaw.
  1904 | D:3      | Found a sparkling altar of Nemelex Xobeh.
  1905 | D:3      | Found an ancient bone altar of Kikubaaqudgha.
  2106 | D:4      | Found a staircase to the Ecumenical Temple.
  2135 | Temple   | Entered the Ecumenical Temple
  2332 | Temple   | Became a worshipper of Makhleb the Destroyer
  2413 | D:4      | Found a shattered altar of Ashenzari.
  2430 | D:4      | Noticed Menkaure
  2445 | D:4      | Killed Menkaure
  2445 | D:4      | Reached XP level 6. HP: 17/55 MP: 6/6
  2553 | D:4      | Noticed a water elemental
  2555 | D:4      | Found a stormy altar of Qazlal.
  2556 | D:4      | Noticed a fire elemental
  2556 | D:4      | Noticed an air elemental
  2884 | D:5      | Entered Level 5 of the Dungeon
  3076 | D:5      | Reached XP level 7. HP: 28/61 MP: 6/6
  3376 | D:5      | Found a blossoming altar of Fedhas.
  3556 | D:5      | Reached * piety under Makhleb
  3556 | D:5      | Reached skill level 10 in Axes
  3808 | D:6      | Noticed Eustachio
  3858 | D:6      | Reached XP level 8. HP: 51/68 MP: 7/7
  3866 | D:6      | Killed Eustachio
  4597 | D:6      | Reached skill level 4 in Armour
  4684 | D:7      | Reached skill level 1 in Dodging
  4759 | D:7      | Found Onlashryoni's Weapon Boutique.
  4964 | D:7      | Noticed Joseph
  5078 | D:7      | Reached skill level 5 in Armour
  5165 | D:7      | Reached ** piety under Makhleb
  5334 | D:7      | Killed Joseph
  5334 | D:7      | Reached skill level 5 in Shields
  5334 | D:7      | Gained mutation: You passively map the area around you.
                  | [Deep Dwarf growth]
  5334 | D:7      | Reached XP level 9. HP: 52/74 MP: 7/7
  5568 | D:7      | Noticed Pikel
  5595 | D:7      | Killed Pikel
  5595 | D:7      | Reached skill level 6 in Armour
  5779 | D:8      | Reached skill level 7 in Armour
  5796 | D:8      | Found a staircase to the Lair.
  6143 | D:8      | Found Ykkathri's General Store.
  6186 | D:8      | Bought a scroll of teleportation for 39 gold pieces
  6186 | D:8      | Bought a potion of heal wounds for 65 gold pieces
  6563 | D:9      | Found Foiz's Lightly-Used Armoury.
  6571 | D:9      | Noticed a two-headed ogre
  6583 | D:8      | Reached skill level 8 in Armour
  6645 | D:9      | Found Lic Ace's Jewellery Shop.
  6655 | D:9      | Found Cainutohu's General Store.
  6668 | D:9      | Learned a level 2 spell: Blink
  6676 | D:9      | Found Epniq's Assorted Antiques.
  6681 | D:9      | Bought a scroll of identify for 38 gold pieces
  6681 | D:9      | Bought a scroll of identify for 38 gold pieces
  6832 | D:9      | Reached skill level 1 in Invocations
  6832 | D:9      | Reached XP level 10. HP: 77/81 MP: 7/9
  6840 | D:9      | HP: 3/81 [two-headed ogre/+0 giant club (9)]
  6841 | D:9      | Killed a two-headed ogre
  6841 | D:9      | Reached skill level 5 in Invocations
  7009 | D:9      | Found Veanie Ikuj's Weapon Boutique.
  7129 | D:9      | Found Hoph's Weapon Shop.
  7302 | D:9      | Reached *** piety under Makhleb
  7707 | D:10     | Entered Level 10 of the Dungeon
  7992 | D:10     | Reached skill level 9 in Armour
  8290 | D:10     | Noticed a two-headed ogre
  8300 | D:10     | Killed a two-headed ogre
  8300 | D:10     | Reached skill level 10 in Armour
  8335 | D:10     | Reached XP level 11. HP: 47/88 MP: 15/15
  8452 | D:11     | Noticed a six-headed hydra
  8581 | D:10     | Killed a six-headed hydra
  8739 | D:11     | Noticed Maurice
  8751 | D:11     | Reached skill level 11 in Armour
  8759 | D:11     | Killed Maurice
  8880 | D:11     | Identified the +1 robe "Petyd" {rElec Int+3 SInv}
  9007 | D:11     | Found a roughly hewn altar of Beogh.
  9007 | D:11     | Found a staircase to the Orcish Mines.
  9045 | D:11     | Noticed a brown ugly thing
  9074 | D:11     | Reached skill level 12 in Armour
  9095 | D:11     | Killed a white ugly thing
  9211 | D:11     | Reached **** piety under Makhleb
  9267 | D:11     | Found Bicveyf's Assorted Antiques.
  9774 | D:12     | Noticed a soul eater
  9909 | D:11     | Slain by an ice devil

Illustrated notes

Levels and vault maps discovered:
D:1:      dpeg_arrival_subterranean_lakeside_camping, layout_loops_ring
D:2:      layout_loops_ring, first_ration
D:3:      layout_basic, minitemple, nicolae_overflow_hidden_temple,
          chequers_ecumenical_altar_simple_redux, st_stairs_3
D:4:      layout_rooms, nicolae_qazlal_style_of_elements,
          minmay_temple_entry_glass, minivault_1, amethyst_killhole,
          dk_vineyard_3, nicolae_ashenzari_panopticon, uniq_menkaure
D:5:      minmay_chambers_of_fours, layout_basic, fedhas_altar_fruit_tree
D:6:      layout_basic, minmay_misc_feat_rows, uniq_eustachio
D:7:      layout_basic, serial_shops, nicolae_shop_stone, uniq_joseph,
          uniq_pikel
D:8:      layout_basic, dpeg_oklobed_lair, serial_shops, nicolae_shop_waterfront
D:9:      layout_loops_ring, serial_shops, kennysheep_little_box,
          nicolae_shop_statue_plus, nicolae_shop_window_shopping, shop,
          nicolae_shop_behind_doors, minmay_shop_damaged
D:10:     layout_loops_ring
D:11:     layout_loops_ring, david_orc_5, serial_shops,
          nicolae_shop_overgrown_old_shop, uniq_maurice
D:12:     layout_rooms, basic_altar, hangedman_fish_farm, uniq_kirke
Temple:   regret_index_temple_generic_petals

Skill      XL: |  1  2  3  4  5  6  7  8  9 10 11 |
---------------+----------------------------------+-----
Axes           | 3 4 5 7 8 10 11 | 11.3
Armour         | 5 8 10 12 | 12.7
Dodging        | 2 3 |  3.0
Shields        | 5 8 |  8.1
Invocations    | 1 9 |  9.0
Fighting       | |  2.6

Action                   |  1- 3 |  4- 6 |  7- 9 | 10-12 || total
-------------------------+-------+-------+-------+-------++-------
Melee: War axe           |    95 |    84 |    98 |   103 ||   380
       Hand axe          |       |   122 |   124 |    46 ||   292
       Trident           |       |       |   176 |   512 ||   688
Throw: Javelin           |       |       |     8 |    14 ||    22
Invok: Minor Destruction |       |       |     4 |     7 ||    11
       Lesser Servant of |       |       |       |     7 ||     7
 Abil: Heal Wounds       |       |     3 |     2 |     1 ||     6
  Use: Scroll            |       |       |    12 |       ||    12
       Potion            |       |       |     2 |     1 ||     3
 Stab: Distracted        |       |       |       |     2 ||     2
  Eat: Chunk             |       |     4 |    13 |    11 ||    28
       Ration            |       |     1 |       |       ||     1
Armor: Scale mail        |    48 |    55 |       |       ||   103
       Ring mail         |       |    41 |    93 |    17 ||   151
       Plate armour      |       |       |       |   276 ||   276
Dodge: Dodged            |    22 |    55 |    95 |   129 ||   301
Block: Kite shield       |    46 |   106 |   162 |   361 ||   675
       Tower shield      |       |       |       |    31 ||    31
